 Dungeon Crawl Stone Soup version 0.16-a0-3691-gf72e470 (webtiles) character file.

194 Johnny the Ducker (level 5, 0/36 HPs)
             Began as a High Elf Artificer on Jan 18, 2015.
             Was a Follower of Trog.
             Slain by a jackal (2 damage)
             ... on level 4 of the Dungeon.
             The game lasted 00:05:41 (3387 turns).

Johnny the Ducker (High Elf Artificer)              Turns: 3387, Time: 00:05:41

Health: 0/36       AC:  8    Str: 10    XL:     5   Next: 44%
Magic:  10/10      EV: 12    Int: 15    God:    Trog [*.....]
Gold:   265        SH:  0    Dex: 17    Spells: 0 memorised, 4 levels left

rFire  . . .     SeeInvis .     j - +1 whip (venom)
rCold  . . .     Clarity  .     D - -1 ring mail (curse)
rNeg   . . .     SustAb   .     (no shield)
rPois  .         Gourm    .     n - +0 helmet
rElec  .         Spirit   .     y - +0 cloak
rCorr  .         Warding  .     h - +0 pair of gloves
rMut   .         Stasis   .     t - +0 pair of boots
MR     .....                    (no amulet)
Stlth  +.........               (no ring)
                                (no ring)

@: not resistant to hostile enchantments, very unstealthy
A: no striking features
a: Burn Spellbooks, Berserk, Renounce Religion


You were on level 4 of the Dungeon.
You worshipped Trog.
Trog was aware of your devotion.
You were hungry.

You visited 1 branch of the dungeon, and saw 4 of its levels.

You collected 265 gold pieces.

Inventory:

Hand weapons
 a - a +0 short sword
 j - a +1 whip of venom (weapon)
 x - a +2 quarterstaff of chaos
 z - a +1 hammer of holy wrath
 C - a +0 falchion of holy wrath
Armour
 e - a +0 leather armour
 h - a +0 pair of gloves (worn)
 m - a +2 animal skin
 n - a +0 helmet (worn)
 t - a +0 pair of boots (worn)
 y - a +0 cloak (worn)
 D - a cursed -1 ring mail (worn)
Magical devices
 b - a wand of flame (10)
 c - a wand of enslavement (12)
 d - a wand of random effects (9)
Scrolls
 l - 3 scrolls of magic mapping
 p - a scroll of enchant armour
 r - a scroll of random uselessness
 v - a scroll of teleportation
Potions
 i - a potion of invisibility {unknown}
 k - a potion of restore abilities {unknown}
 o - a potion of curing {unknown}
 q - a potion of haste {unknown}
 w - 3 potions of heal wounds {unknown}
 B - 2 potions of poison {unknown}
Comestibles
 f - 4 bread rations
 s - a meat ration
 u - a slice of pizza


   Skills:
 * Level 3.3 Fighting
 + Level 2.4 Short Blades
 + Level 2.1 Armour
 * Level 3.7 Dodging
 - Level 1.1 Stealth
 - Level 3.0 Evocations


You had 4 spell levels left.
You didn't know any spells.

Dungeon Overview and Level Annotations

Branches:
Dungeon (4/15)
 Temple: D:4-7

Altars:
Ashenzari
Cheibriados
Trog

Annotations:
D:4 Johnny's ghost, average HEAr


Message History

Unknown command.
Unknown command.
Unknown command.
Press: ? - help, v - describe, . - travel
Here: Johnny's ghost An open door.
Unknown command.
Unknown command.
The jackal bites you but does no damage.
The jackal bites you but does no damage.
Johnny's ghost hits you!
* * * LOW HITPOINT WARNING * * *
You see here a stone.
The jackal barely misses you. The jackal completely misses you.
Items here: ))) [[ ††
There is a stone staircase leading up, spattered with blood here.
The jackal bites you but does no damage.
The jackal bites you.
You die...

#.....'.#
##....###
#.(....#
##'#(#.#
#.#.#.#
#.#.#,#
#.#W#,*
#.#h#,*
#.#@#,*
#.###,*
#..,,,*
###****


You could see Johnny's ghost and a jackal.

Vanquished Creatures
  Crazy Yiuf (D:3)
  A worker ant (D:4)
  Robin (D:2)
  3 adders (D:2)
  2 giant mites
  A worm (D:2)
  A giant gecko (D:2)
  An ooze (D:1)
  4 orcs (D:4)
  21 goblins
  8 hobgoblins
  2 quokkas (D:3)
  A ball python (D:1)
  5 bats
  A giant cockroach (D:1)
  11 giant newts
  6 jackals
  7 kobolds
  6 rats
83 creatures vanquished.

Vanquished Creatures (others)
  2 giant newts (D:1)
2 creatures vanquished.

Grand Total: 85 creatures vanquished

Notes
Turn   | Place    | Note
--------------------------------------------------------------
     0 | D:1      | Johnny, the High Elf Artificer, began the quest for the Orb.
     0 | D:1      | Reached XP level 1. HP: 13/13 MP: 2/2
   323 | D:1      | Reached XP level 2. HP: 4/18 MP: 4/4
  1265 | D:2      | Noticed Robin
  1269 | D:2      | Reached XP level 3. HP: 17/24 MP: 6/6
  1296 | D:2      | Killed Robin
  1296 | D:2      | Reached skill level 1 in Armour
  1639 | D:2      | Found a bloodstained altar of Trog.
  1649 | D:2      | Found a shattered altar of Ashenzari.
  1751 | D:2      | Reached XP level 4. HP: 14/30 MP: 9/9
  1896 | D:2      | Became a worshipper of Trog the Wrathful
  2508 | D:3      | Noticed Crazy Yiuf
  2516 | D:3      | Killed Crazy Yiuf
  2516 | D:3      | Reached XP level 5. HP: 24/36 MP: 10/10
  2620 | D:3      | Found a snail-covered altar of Cheibriados.
  2654 | D:3      | Acquired Trog's first power
  3372 | D:4      | Noticed Johnny's ghost (average HEAr)
  3381 | D:4      | HP: 1/36 [Johnny's ghost (10)]
  3387 | D:4      | Slain by a jackal

Action                   |  1- 3 |  4- 6 || total
-------------------------+-------+-------++-------
Melee: Short sword       |    50 |       ||    50
       Whip              |    77 |   109 ||   186
Evoke: Wand              |     9 |     5 ||    14
  Use: Scroll            |       |     5 ||     5
 Stab: Distracted        |     1 |       ||     1
       Confused          |     1 |       ||     1
       Sleeping          |     1 |     4 ||     5
  Eat: Chunk             |     3 |     4 ||     7
